 Dungeon Sprint DCSS version 0.30-a0-1112-gfb780f5df6 (webtiles) character file.

Game seed: 8824238488985798162

3309 sircluck the Severer (level 10, -1/104 HPs)
             Began as a Hill Orc Berserker on Apr 19, 2023.
             Was a High Priest of Trog.
             Slain by an unseen horror (6 damage)
             ... in the Dungeon (Sprint III: "The Ten Rune Challenge").
             The game lasted 00:06:21 (1490 turns).

sircluck the Severer (Hill Orc Berserker)           Turns: 1490, Time: 00:06:22

Health: -1/104     AC:  3    Str: 25    XL:     10   Next: 1%
Magic:  10/10      EV: 14    Int:  7    God:    Trog [*****.]
Gold:   23         SH:  0    Dex: 10    Spells: 9/9 levels left

rFire   . . .      SeeInvis .    a - +0 hand axe
rCold   . . .      Faith    .    (no shield)
rNeg    . . .      Spirit   .    b - +0 animal skin
rPois   .          Reflect  .    (no helmet)
rElec   .          Rampage  .    k - +0 cloak
rCorr   .          NoTele   +    (no gloves)
Will    .....                    (no boots)
Stlth   +                        (no amulet)
HPRegen 0.37/turn                (no ring)
MPRegen 0.12/turn                (no ring)

@: mighty
A: no striking features
a: Renounce Religion, Berserk, Trog's Hand, Brothers in Arms


You were in the Dungeon.
You worshipped Trog.
Trog was extremely pleased with you.
You visited 1 branch You collected 23 gold pieces.

Inventory:

Hand Weapons
 a - a +0 hand axe (weapon)
 s - a +0 war axe of flaming
Armour
 b - a +0 animal skin (worn)
 k - a +0 cloak (worn)
Wands
 j - a wand of flame (10)
 q - a wand of mindburst (15)
Scrolls
 h - 2 scrolls of blinking
 m - 3 scrolls of poison {unknown}
 n - 3 scrolls of identify
Potions
 e - a potion of haste
 f - 2 potions of magic
 g - a potion of berserk rage
 l - 3 potions of mutation {unknown}
 o - 2 potions of flight
 p - a potion of degeneration {unknown}
Miscellaneous
 r - a condenser vane


   Skills:
 + Level 14.8 Fighting
 + Level 20.2 Axes
 + Level 6.1 Armour
 + Level 7.8 Dodging
 + Level 2.0 Evocations


You had 9 spell levels left.
You didn't know any spells.
Your spell library was empty.

Dungeon Overview and Level Annotations

Branches:
Dungeon (1/1)

Altars:
Cheibriados
Dithmenos
Elyvilon
Fedhas
Gozag
Hepliaklqana
Kikubaaqudgha
Makhleb
Nemelex Xobeh
Okawaru
Qazlal
Ru
Sif Muna
Trog
Uskayaw
Vehumet
Wu Jian
Xom
Yredelemnul
Zin
The Shining One
Beogh
Jiyva
Lugonu


Message History

Something hits you but does no damage. Something hits you!
* * * LOW HITPOINT WARNING * * *
You feel much better.
You feel sick. The killer bee barely misses you.
You feel very mighty all of a sudden.
Your skin stops crawling.
You feel less strong-willed.
You feel sick. The killer bee barely misses you. Something hits you!
* * * LOW HITPOINT WARNING * * *
The killer bee barely misses you.
The killer bee attacks as you move away!
The killer bee closely misses you.
You feel sick.
You are no longer poisoned.
Something hits you.
* * * LOW HITPOINT WARNING * * *
The killer bee completely misses you. Something hits you!
* * * LOW HITPOINT WARNING * * *
You slash something! You slash the killer bee! Something hits you.
* * * LOW HITPOINT WARNING * * *
The killer bee misses you. The killer bee stings you.
* * * LOW HITPOINT WARNING * * *
Unknown command.
You feel better. Something hits you.
* * * LOW HITPOINT WARNING * * *
The killer bee barely misses you. The killer bee stings you.
* * * LOW HITPOINT WARNING * * *
The killer bee stings you.
* * * LOW HITPOINT WARNING * * *
The killer bee closely misses you. Something hits you.
* * * LOW HITPOINT WARNING * * *
The killer bee barely misses you. The killer bee stings you.
* * * LOW HITPOINT WARNING * * *
The killer bee barely misses you. x2
Your deep troll goes berserk!
The killer bee misses you. x3
The killer bee stings you but does no damage.
The killer bee attacks as you move away!
The killer bee stings you but does no damage.
You recover from your berserk rage.
Something hits you.
You die...

########################
~'.#.))).'.#.#.#.†.y.~≈#
§#.#.#...##.#T#.##...~≈#
§#.#.#...#.#.#y#y#


yyy≈≈ .#...#...##.#.#.## yy~~ ▓▓▓▓▓▓▓▓▓#.#.#.#@# y.. ##.#.#.## .. +.#.#.#.# .
##.#.# ## #+## You could see a killer bee (ally target) and a friendly deep
troll (summoned, berserk).

Vanquished Creatures
  Erica (D)
  A deep elf pyromancer (D)
  A shadow (D)
  A spatial vortex (D)
  An earth elemental (D)
  A necrophage (D)
  A water elemental (D)
  7 killer bees (D)
  A jelly (D)
  Crazy Yiuf (D)
  Jessica (D)
  A wizard (D)
  A necromancer (D)
  3 humans (D)
  A kobold demonologist (D)
  2 rats (D)
25 creatures vanquished.

Vanquished Creatures (collateral kills)
  A centaur warrior (D)
  A queen bee (D)
  2 centaurs (D)
  4 killer bees (D)
8 creatures vanquished.

Grand Total: 33 creatures vanquished

Notes
Turn   | Place    | Note
-------+----------+-------------------------------------------
     0 | D        | sircluck the Hill Orc Berserker began the quest for the
                  | Orb.
     0 | D        | Reached XP level 1. HP: 19/19 MP: 1/1
    32 | D        | Noticed Jessica
    38 | D        | Killed Jessica
    38 | D        | Reached ** piety under Trog
    39 | D        | Reached skill level 5 in Fighting
    39 | D        | Reached skill level 6 in Axes
    39 | D        | Reached XP level 2. HP: 29/29 MP: 2/2
    39 | D        | Reached XP level 3. HP: 36/36 MP: 3/3
   105 | D        | Reached skill level 7 in Axes
   162 | D        | Noticed Crazy Yiuf
   169 | D        | Killed Crazy Yiuf
   170 | D        | Reached skill level 8 in Axes
   170 | D        | Reached XP level 4. HP: 45/45 MP: 4/4
   198 | D        | Noticed a water elemental
   223 | D        | Killed a water elemental
   224 | D        | Reached skill level 9 in Axes
   224 | D        | Reached XP level 5. HP: 53/53 MP: 5/5
   245 | D        | Found a basalt altar of Yredelemnul.
   245 | D        | Found a shadowy altar of Dithmenos.
   245 | D        | Found a sacrificial altar of Ru.
   251 | D        | Reached *** piety under Trog
   252 | D        | Reached skill level 10 in Axes
   274 | D        | Reached skill level 11 in Axes
   546 | D        | Found a radiant altar of Vehumet.
   546 | D        | Found a shimmering blue altar of Sif Muna.
   546 | D        | Found an ancient bone altar of Kikubaaqudgha.
   554 | D        | Reached XP level 6. HP: 59/63 MP: 6/6
   564 | D        | Reached **** piety under Trog
   582 | D        | Found a hide-covered altar of Uskayaw.
   582 | D        | Found a roughly hewn altar of Beogh.
   582 | D        | Found an iron altar of Okawaru.
   582 | D        | Found a bloodstained altar of Trog.
   582 | D        | Found an ornate altar of the Wu Jian Council.
   582 | D        | Noticed a human
   584 | D        | Noticed a human
   588 | D        | Killed a human
   589 | D        | Reached skill level 10 in Fighting
   589 | D        | Reached skill level 13 in Axes
   597 | D        | Killed a human
   598 | D        | Reached skill level 14 in Axes
   598 | D        | Reached XP level 7. HP: 73/73 MP: 7/7
   650 | D        | Found a glowing silver altar of Zin.
   650 | D        | Found a glowing golden altar of the Shining One.
   650 | D        | Found a white marble altar of Elyvilon.
   650 | D        | Noticed a deep elf pyromancer
   657 | D        | Killed a deep elf pyromancer
   657 | D        | Reached ***** piety under Trog
   658 | D        | Reached skill level 15 in Axes
   658 | D        | Reached skill level 5 in Armour
   658 | D        | Reached skill level 5 in Dodging
   658 | D        | Reached XP level 8. HP: 83/83 MP: 8/8
   705 | D        | Reached skill level 16 in Axes
   749 | D        | Noticed a shadow
   752 | D        | Killed a shadow
   760 | D        | Found a blossoming altar of Fedhas.
   760 | D        | Found a stormy altar of Qazlal.
   760 | D        | Found a snail-covered altar of Cheibriados.
   760 | D        | Found a burning altar of Makhleb.
   760 | D        | Found a shimmering altar of Xom.
   761 | D        | Found a hazy altar of Hepliaklqana.
   761 | D        | Found an opulent altar of Gozag.
   761 | D        | Found a sparkling altar of Nemelex Xobeh.
   761 | D        | Found a corrupted altar of Lugonu.
   761 | D        | Found a viscous altar of Jiyva.
   921 | D        | Noticed Erica
   933 | D        | Killed Erica
   933 | D        | Received a gift from Trog
   934 | D        | Reached skill level 18 in Axes
   934 | D        | Reached skill level 1 in Evocations
   934 | D        | Reached XP level 9. HP: 74/93 MP: 9/9
  1304 | D        | Noticed a centaur warrior
  1309 | D        | Killed a centaur warrior
  1310 | D        | Reached skill level 19 in Axes
  1413 | D        | Noticed a queen bee
  1448 | D        | Killed a queen bee
  1449 | D        | Reached skill level 20 in Axes
  1455 | D        | Received a gift from Trog
  1463 | D        | Reached XP level 10. HP: 22/104 MP: 10/10
  1465 | D        | HP: 5/104 [killer bee (8)]
  1471 | D        | HP: 4/104 [killer bee (8)]
  1488 | D        | HP: 5/104 [something (1)]
  1490 | D        | Slain by an unseen horror

Illustrated notes

Levels and vault maps discovered:
D:        dungeon_sprint_mu [sprint_mu_entry_cave, sprint_mu_temple_rooms,
          sprint_mu_d1_horrors, sprint_mu_d2_genie, sprint_mu_d3_branching,
          sprint_mu_orc_legion, sprint_mu_elf_gauntlet, sprint_mu_hive_nellie,
          sprint_mu_lair_fedhas, sprint_mu_vaults_butterflies,
          sprint_mu_slime_circle, sprint_mu_swamp_cave, sprint_mu_snake_twists,
          sprint_mu_blade_basic, sprint_mu_crypt_fortress,
          sprint_mu_tomb_spiral, sprint_mu_vestibule_basic,
          sprint_mu_gehenna_hellfire, sprint_mu_dis_giant,
          sprint_mu_tartarus_statrot, sprint_mu_cocytus_islands, sprint_mu_zot1]

Skill      XL: |  1  2  3  4  5  6  7  8  9 |
---------------+----------------------------+-----
Fighting       | 5 6 7 9 10 11 13 14 | 14.8
Axes           | 6 8 9 11 14 15 18 20 | 20.2
Armour         | 3 4 5 6 |  6.1
Dodging        | 2 3 4 5 6 7 |  7.8
Evocations     | 1 2 |  2.0

Action                     |  1- 3 |  4- 6 |  7- 9 | 10-12 || total
---------------------------+-------+-------+-------+-------++-------
  Melee: Hand axe          |    27 |    55 |    74 |    16 ||   172
         Punch             |       |       |     1 |       ||     1
 Invoke: Berserk           |     3 |     2 |     5 |       ||    10
         Brothers in Arms  |       |       |     2 |     1 ||     3
         Trog's Hand       |       |       |     1 |       ||     1
  Evoke: Wand              |       |       |     4 |     2 ||     6
    Use: Potion            |       |       |     1 |     5 ||     6
 Armour: Animal skin       |     1 |     1 |     7 |     6 ||    15
  Dodge: Dodged            |    10 |    15 |    40 |    30 ||    95

Table legend: (Time is in decaauts)
 A = Elapsed time spent in this place.
 B = Non-inter-level travel time spent in this place.
 C = Inter-level travel time spent in this place.
 D = Time resting spent in this place.
 E = Time spent auto-exploring this place.
 F = Levels seen in this place.
 G = Mean time per level.
                   A        B        C        D        E       F      G
               +--------+--------+--------+--------+--------+-----+--------+
         Total |   1550 |   1535 |     15 |    977 |    234 |   1 | 1550.0 |
       Dungeon |   1550 |   1535 |     15 |    977 |    234 |   1 | 1550.0 |
               +--------+--------+--------+--------+--------+-----+--------+

Top non-repeatable levels by time:
       D: 1550 daAuts
